 Dungeon Crawl Stone Soup version 0.29-a0-648-g6b26cc9f40 (webtiles) character file.

Game seed: 18305655047130286098

8211 zeratav the Archer (level 11, -2/60 HPs)
             Began as a Spriggan Hunter on June 20, 2022.
             Was a High Priest of Okawaru.
             Slain by Sonja
             ... wielding a +2 dagger of distortion
              (7 damage)
             ... on level 9 of the Dungeon.
             The game lasted 00:22:54 (7404 turns).

zeratav the Archer (Spriggan Hunter)                Turns: 7404, Time: 00:22:55

Health: -2/60      AC: 10    Str:  7    XL:     11   Next: 6%
Magic:  12/12      EV: 24    Int: 10    God:    Okawaru [*****.]
Gold:   2138       SH:  0    Dex: 24    Spells: 10/10 levels left

rFire   . . .      SeeInvis +   a - +1 shortbow {bow}
rCold   . . .      Faith    .   (shield currently unavailable)
rNeg    . . .      Spirit   .   O - +0 acid dragon scales
rPois   .          Reflect  .   (helmet restricted)
rElec   .          Harm     .   (no cloak)
rCorr   +          Rampage  .   (gloves unavailable)
Will    +....                   (boots unavailable)
Stlth   +++.......              t - amulet of regeneration {@e2}
HPRegen 1.00/turn               M - ring of flight
MPRegen 0.13/turn               m - +4 ring of protection

@: lethally poisoned (-2 -> -4), flying, slowed, studying Unarmed Combat, quick
A: very small, no large weapons, unfitting armour, see invisible, speed 3
a: Renounce Religion, Heroism, Finesse, Duel


You were on level 9 of the Dungeon.
You worshipped Okawaru.
Okawaru was extremely pleased with you.
You visited 2 branches of the dungeon, and saw 11 of its levels.
You also visited: Bailey.

You collected 2348 gold pieces.
You spent 210 gold pieces at shops.


Innate Abilities, Weirdness & Mutations

You are very small and have problems with some larger weapons.
You are too small for most types of armour.
You have supernaturally acute eyesight. (SInv)
You cover ground extremely quickly. (Speed+++)


   Skills:
 + Level 8.1 Fighting
 + Level 14.8 Bows
 - Level 10.0 Dodging
 - Level 5.0 Stealth


You had 10 spell levels left.
You didn't know any spells.
Your spell library contained the following spells:

 Spells                   Type           Power      Damage    Failure   Level
 Apportation              Tloc           0%         N/A       58%         1
 Magic Dart               Conj           0%         1d3       58%         1
 Ensorcelled Hibernation  Hex/Ice        0%         N/A       73%         2
 Searing Ray              Conj           0%         2d4       73%         2
 Frozen Ramparts          Ice            0%         1d2       91%         3
 Ozocubu's Armour         Ice            0%         N/A       91%         3
 Spider Form              Tmut/Pois      0%         N/A       91%         3
 Anguish                  Hex/Necr       0%         N/A       100%        4
 Fulminant Prism          Conj/Hex       0%         3d6       100%        4
 Ice Form                 Ice/Tmut       0%         N/A       100%        4
 Metabolic Englaciation   Hex/Ice        0%         N/A       100%        5
 Summon Ice Beast         Ice/Summ       Unusable   N/A       N/A         4
 Simulacrum               Ice/Necr       Unusable   N/A       N/A         6

Inventory:

Hand Weapons
 a - a +1 shortbow (weapon) {bow}
 v - a +1 dagger of speed {short}
   (You took it off an orc wizard on level 5 of the Dungeon)
Missiles
 Q - 4 datura-tipped darts {throwing}
Armour
 B - +0 swamp dragon scales
   (You took it off Maggie on level 7 of the Dungeon)
 G - a +0 robe of fire resistance
   (You took it off a wight on level 7 of the Dungeon)
 O - +0 acid dragon scales (worn)
   (You found it on level 9 of the Dungeon)
 P - a +0 cloak
   (You took it off Maurice on level 9 of the Dungeon)
Jewellery
 h - an amulet of reflection
   (You found it on level 2 of the Dungeon)
 i - a ring of resist corrosion
   (You found it on level 2 of the Dungeon)
 m - a +4 ring of protection (right hand)
   (You found it on level 4 of the Dungeon)
 p - an amulet of faith {!P}
   (You found it on level 3 of the Dungeon)
 t - an amulet of regeneration (around neck) {@e2}
   (You found it on level 5 of the Dungeon)
 F - a +6 ring of intelligence
   (You found it on level 8 of the Dungeon)
 M - a ring of flight (left hand)
   (You bought it in a shop on level 9 of the Dungeon)
Wands
 f - a wand of iceblast (1)
   (You took it off Ijyb on level 5 of the Dungeon)
 j - a wand of polymorph (10)
   (You took it off Robin on level 2 of the Dungeon)
 D - a wand of flame (33)
   (You took it off Maggie on level 7 of the Dungeon)
Scrolls
 b - a scroll of teleportation {unknown}
 c - 3 scrolls of immolation {!r!r}
 e - 3 scrolls of identify {@r1}
 k - 2 scrolls of fog
 l - a scroll of enchant weapon
 r - a scroll of vulnerability {!r!r}
 s - 2 scrolls of summoning
 w - a scroll of enchant armour
 y - 3 scrolls of amnesia
 C - a scroll of brand weapon {unknown}
 E - a scroll of fear {unknown}
 J - a scroll of silence {unknown}
 N - a scroll of poison {unknown}
Potions
 d - a potion of curing {@q1}
 g - 2 potions of degeneration {unknown}
 n - 3 potions of haste {unknown}
 o - 9 potions of flight
 q - a potion of might {unknown}
 u - 2 potions of attraction {unknown}
 x - a potion of berserk rage {unknown}
 z - 2 potions of magic {unknown}
 A - 6 potions of brilliance {unknown}
 H - a potion of mutation {unknown}
 I - 2 potions of lignification {unknown}
 K - a potion of resistance {unknown}
 L - a potion of invisibility {unknown}

Dungeon Overview and Level Annotations

Branches:
Dungeon (10/15) Zot: 26910  Temple (1/1) D:6 Zot: 5987    Lair (0/6) D:8
 Bailey (visited)
    Orc: D:9-12

Altars:
Ashenzari
Cheibriados
Dithmenos
Elyvilon
Fedhas
Gozag
Hepliaklqana
Kikubaaqudgha
Makhleb
Nemelex Xobeh
Okawaru
Ru
Sif Muna
Trog
Uskayaw
Vehumet
Wu Jian
Xom
Yredelemnul
Zin
The Shining One

Shops:
D:4 :   D:9 =*

Annotations:
D:9 Sonja

.........#......#
########.#......#######
......................#
########.#§#....#####.#
.......#.#.##.#.......# ######
##.###.#...##.#....#### #....#
#.# #.#.####.........# #.##.#
##.# #.#.......K.#.##.###.##.#
)..# #.....(....@......#####.#
########.#####..#.###..#...#.#
................#......'.∩.'.#
#########.####.#########...#.#
..........# #.......# #####.#
########### #######.# #.# #.#
#.# #.#######.# #.........#


You could see Sonja.


Message History

You take 2 damage, and now have 52/60 hp.
You feel very sick.
HP[-3]
You take 3 damage, and now have 49/60 hp.
You feel sick.
HP[-1]
You take 1 damage, and now have 48/60 hp.
You feel sick.
You feel sick.
Sonja throws a curare-tipped dart.
The curare-tipped dart barely misses you.
HP[-1]
You take 1 damage, and now have 47/60 hp.
You feel sick.
You shoot an arrow. The arrow hits Sonja!
You feel sick.
Sonja throws a curare-tipped dart.
The curare-tipped dart closely misses you.
You feel sick.
You feel sick.
You feel sick.
You are no longer poisoned.
Sonja mumbles some strange words.
Sonja blinks!
HP[+1] Sonja hits you with a +2 dagger of distortion.
Space warps horribly around you!!
* * * LOW HITPOINT WARNING * * *
Sonja hits you but does no damage. x2
HP[-25]
You take 25 damage, and now have 23/60 hp.
MASSIVE DAMAGE!! (PAUSE) Unknown command.
HP[+1] Sonja throws a curare-tipped dart.
The curare-tipped dart hits you.
You are poisoned.
You have difficulty breathing.
* * * LOW HITPOINT WARNING * * *
You feel as though you will be slow longer.
HP[-11]
You take 11 damage, and now have 13/60 hp.
You feel very sick.
HP[-3]
You take 3 damage, and now have 10/60 hp.
You fail to use your ability.
You feel very sick. Sonja misses you. Sonja barely misses you.
Sonja closely misses you.
Sonja casts a spell.
Sonja blinks!
HP[-1]
You take 1 damage, and now have 9/60 hp.
Okay, then.
You feel better.
Sonja throws a curare-tipped dart.
The curare-tipped dart misses you.
HP[+11]
You regained 11 hp, and now have 20/60 hp.
Shoot: a) +1 shortbow {bow}
Press: ? - help, Q - select action, (/) - cycle Shift-Dir - straight line, f/p - Sonja
Aim: Sonja, wielding a +2 dagger of distortion and quivering curare-tipped darts (heavily wounded, 41% to hit)
You shoot an arrow. The arrow closely misses Sonja.
Sonja hits you with a +2 dagger of distortion.
* * * LOW HITPOINT WARNING * * *
Space warps around you.
* * * LOW HITPOINT WARNING * * *
Sonja hits you but does no damage. Sonja barely misses you.
HP[-6]
You take 6 damage, and now have 14/60 hp.
Unknown command.
Sonja attacks as you move away! Sonja misses you. Sonja completely misses you.
Sonja hits you with a +2 dagger of distortion.
* * * LOW HITPOINT WARNING * * *
You blink.
Sonja gestures wildly while chanting.
Sonja blinks!
Sonja throws a curare-tipped dart.
The curare-tipped dart misses you.
HP[+1] Sonja mumbles some strange words.
Sonja blinks!
Sonja says, "If only old Madame Brzewit could see me now!"
HP[+1] Sonja throws a curare-tipped dart.
The curare-tipped dart closely misses you.
HP[+1] Sonja throws a curare-tipped dart.
The curare-tipped dart hits you.
You are poisoned.
You have difficulty breathing.
* * * LOW HITPOINT WARNING * * *
You feel as though you will be slow longer.
HP[-7]
You take 7 damage, and now have 10/60 hp.
* * * LOW HITPOINT WARNING * * *
You feel very sick.
HP[-3]
You take 3 damage, and now have 7/60 hp.
You feel sick.
There is a stone staircase leading down here.
HP[-1]
You take 1 damage, and now have 6/60 hp.
You feel very sick. Sonja misses you. Sonja completely misses you.
Sonja hits you but does no damage. Space warps around you!
You die...

Skill      XL: |  1  2  3  4  5  6  7  8  9 10 |
---------------+-------------------------------+-----
Stealth        | 3 4 5 |  5.0
Bows           | 5 6 7 9 10 11 12 14 | 14.8
Dodging        | 4 7 9 10 | 10.0
Fighting       | 2 4 5 8 |  8.1

Action                   |  1- 3 |  4- 6 |  7- 9 | 10-12 || total
-------------------------+-------+-------+-------+-------++-------
 Fire: Shortbow          |   107 |   136 |   323 |   346 ||   912
Evoke: Wand              |       |       |     8 |     5 ||    13
  Use: Scroll            |       |     5 |     4 |       ||     9
       Potion            |       |       |       |     1 ||     1
Armor: Robe              |     7 |     5 |    12 |     5 ||    29
       Acid dragon scale |       |       |       |     6 ||     6
Dodge: Dodged            |    36 |    29 |   137 |   109 ||   311
Block: Other             |       |     7 |     5 |       ||    12

Levels and vault maps discovered:
D:1:      dpeg_arrival_subterranean_lakeside_camping, layout_rooms
D:2:      layout_loops_ring, uniq_robin, uniq_crazy_yiuf_cottage
D:3:      layout_loops_cross, nemelex_diamond_rough_becter,
          shapermc_ecumenical_altar_rom_forum, ebering_ghost_gozag
D:4:      layout_basic, serial_shops, nicolae_shop_trees,
          small_statue_intersection
D:5:      layout_rooms, kennysheep_generic_room_6, uniq_grinder, uniq_ijyb
D:6:      layout_cave_pods, minmay_temple_entry_statues
D:7:      layout_rooms, mainiacjoe_overflow_catwalk,
          mainiacjoe_overflow_alcove_4, uniq_menkaure, uniq_maggie
D:8:      layout_basic, fedhas_bush_and_centaur_altar, vehumet_statue,
          erik_lair_island
D:9:      layout_basic, nicolae_sif_muna_little_library, enter_bailey_3,
          serial_shops, nicolae_shop_trees, guppyfry_shop_venom, uniq_maurice
D:10:     layout_cave_pools, mainiacjoe_overflow_brackets, st_stairs_13,
          mrwooster_statue_mirror, hellmonk_guarded_unrand_cigotuvi, uniq_sonja,
          uniq_fannar
Temple:   nicolae_temple_no_exploring_needed

Notes
Turn   | Place    | Note
-------+----------+-------------------------------------------
     0 | D:1      | zeratav the Spriggan Hunter began the quest for the Orb.
     0 | D:1      | Reached XP level 1. HP: 10/10 MP: 2/2
     0 | D:1      | magus.rc [v1.9.6]
     8 | D:1      | Reached skill level 2 in Stealth
   105 | D:1      | Reached skill level 3 in Stealth
   107 | D:1      | Reached XP level 2. HP: 14/14 MP: 3/3
   148 | D:1      | Reached skill level 4 in Stealth
   502 | D:1      | Reached XP level 3. HP: 18/18 MP: 4/4
   558 | D:1      | Reached skill level 5 in Stealth
   589 | D:1      | Reached skill level 5 in Bows
   925 | D:2      | Noticed Robin
   938 | D:2      | Killed Robin
   939 | D:2      | Reached XP level 4. HP: 21/22 MP: 5/5
  1079 | D:2      | You fall into a shaft and drop 2 floors!
  1094 | D:4      | Reached skill level 6 in Bows
  1234 | D:4      | Identified the +1 falchion of Severance {venom, *Rage rElec
                  | rPois Dex-2}
  1398 | D:4      | Identified the +1 hand axe of Dabrib {flame, *Slow rF+
                  | Dex+3}
  1427 | D:3      | Found a runed translucent gate.
  1427 | D:3      | Found a runed translucent gate.
  1427 | D:3      | Found a runed translucent gate.
  1428 | D:3      | Found an opulent altar of Gozag.
  1430 | D:3      | Noticed zeratav's ghost (amateur KoGl)
  1449 | D:3      | You pick up a book of Rime and begin reading...
  1449 | D:3      | You add the spells Frozen Ramparts, Ice Form and Summon Ice
                  | Beast to your library.
  1555 | D:3      | Reached XP level 5. HP: 25/25 MP: 6/6
  1795 | D:3      | Found a sparkling altar of Nemelex Xobeh.
  1875 | D:3      | Found a faded altar of an unknown god.
  1885 | D:3      | Got Plato's Reference Book on the Compass
  1955 | D:3      | Reached skill level 7 in Bows
  2057 | D:3      | Killed zeratav's ghost
  2133 | D:4      | Noticed a black bear
  2136 | D:4      | Reached XP level 6. HP: 30/30 MP: 7/7
  2153 | D:4      | Reached skill level 8 in Bows
  2245 | D:4      | Found Haburiaq's Book Shop.
  2444 | D:5      | Entered Level 5 of the Dungeon
  2449 | D:5      | You pick up a book of Dreams and begin reading...
  2449 | D:5      | You add the spells Ensorcelled Hibernation, Spider Form and
                  | Anguish to your library.
  2494 | D:5      | Identified the +4 ring mail of Seomy {*Corrode Str+5}
  2516 | D:5      | Noticed a sky beast
  2528 | D:5      | Killed a sky beast
  2529 | D:5      | Reached skill level 9 in Bows
  2543 | D:5      | You pick up a book of Winter and begin reading...
  2543 | D:5      | You add the spells Ozocubu's Armour, Metabolic Englaciation
                  | and Simulacrum to your library.
  2633 | D:5      | Noticed Ijyb
  2649 | D:5      | Killed Ijyb
  2650 | D:5      | Reached XP level 7. HP: 21/33 MP: 8/8
  2780 | D:5      | HP: 8/33 [orc priest/divine providence (14)]
  3057 | D:5      | You pick up a book of Conjurations {@e2} and begin
                  | reading...
  3057 | D:5      | You add the spells Magic Dart, Searing Ray and Fulminant
                  | Prism to your library.
  3082 | D:5      | Noticed Grinder
  3205 | D:5      | Reached skill level 10 in Bows
  3211 | D:5      | Reached skill level 3 in Dodging
  3378 | D:5      | Reached skill level 2 in Fighting
  3399 | D:5      | Killed Grinder
  3400 | D:5      | Reached skill level 4 in Dodging
  3540 | D:6      | Reached XP level 8. HP: 39/39 MP: 9/9
  3632 | D:6      | Found a staircase to the Ecumenical Temple.
  3642 | Temple   | Entered the Ecumenical Temple
  3651 | Temple   | Became a worshipper of Warmaster Okawaru
  4004 | D:6      | Noticed a two-headed ogre
  4033 | D:6      | Killed a two-headed ogre
  4033 | D:6      | Reached * piety under Okawaru
  4034 | D:6      | Reached skill level 4 in Fighting
  4034 | D:6      | Reached skill level 11 in Bows
  4034 | D:6      | Reached skill level 6 in Dodging
  4288 | D:6      | Reached skill level 7 in Dodging
  4299 | D:6      | Reached XP level 9. HP: 46/46 MP: 10/10
  4386 | D:6      | Noticed a two-headed ogre
  4414 | D:6      | Killed a two-headed ogre
  4414 | D:6      | Reached ** piety under Okawaru
  4415 | D:6      | Reached skill level 5 in Fighting
  4415 | D:6      | Reached skill level 12 in Bows
  4415 | D:6      | Reached skill level 8 in Dodging
  4455 | D:7      | Found a glowing silver altar of Zin.
  4475 | D:7      | Reached *** piety under Okawaru
  4548 | D:7      | Identified a scroll of acquirement
  4549 | D:7      | Acquired 691 gold pieces
  4570 | D:7      | Noticed Maggie
  4605 | D:7      | Killed Maggie
  4681 | D:7      | Reached skill level 9 in Dodging
  4822 | D:7      | Noticed an unseen horror
  4853 | D:7      | Killed an unseen horror
  5040 | D:7      | Reached XP level 10. HP: 53/53 MP: 11/11
  5042 | D:7      | Noticed Menkaure
  5047 | D:7      | Killed Menkaure
  5048 | D:7      | Reached skill level 6 in Fighting
  5058 | D:7      | Reached **** piety under Okawaru
  5166 | D:7      | Found a broken altar of Ashenzari.
  5237 | D:8      | Reached skill level 13 in Bows
  5337 | D:8      | Reached skill level 10 in Dodging
  5381 | D:8      | Found a staircase to the Lair.
  5603 | D:8      | Found a blossoming altar of Fedhas.
  5649 | D:8      | Found a radiant altar of Vehumet.
  5963 | D:9      | Found Daok's Jewellery Boutique.
  5989 | D:9      | Bought a ring of flight for 210 gold pieces
  5992 | D:9      | Found a flagged portal.
  6003 | Bailey   | Entered a bailey
  6093 | Bailey   | Noticed an orc knight
  6163 | Bailey   | Killed an orc knight
  6164 | Bailey   | Reached skill level 7 in Fighting
  6491 | D:9      | Reached skill level 14 in Bows
  6694 | D:9      | Found Edauleh's Serpentskin Sales.
  6792 | D:9      | Found a shimmering blue altar of Sif Muna.
  6995 | D:9      | Noticed a two-headed ogre
  7061 | D:9      | Killed a two-headed ogre
  7061 | D:9      | Reached ***** piety under Okawaru
  7105 | D:9      | Noticed Maurice
  7113 | D:9      | Killed Maurice
  7114 | D:9      | Reached skill level 8 in Fighting
  7292 | D:10     | Entered Level 10 of the Dungeon
  7292 | D:10     | Noticed a two-headed ogre
  7297 | D:10     | Noticed Sonja
  7311 | D:9      | Killed a two-headed ogre
  7311 | D:9      | Received a gift from Okawaru
  7312 | D:9      | Reached XP level 11. HP: 60/60 MP: 12/12
  7391 | D:9      | HP: 13/60 [asphyx]
  7396 | D:9      | HP: 13/60 [Sonja/+2 dagger of distortion (1)]
  7401 | D:9      | HP: 10/60 [asphyx]
  7404 | D:9      | Slain by Sonja

Vanquished Creatures
  4 two-headed ogres
  An orc knight (Bailey)
  Maurice (D:9)
  Maggie (D:7)
  An unseen horror (D:7)
  A troll (D:8)
  Grinder (D:5)
  A wyvern (D:9)
  A wraith (D:9)
  Menkaure (D:7)
  An acid dragon (D:9)
  2 orc warriors (Bailey)
  2 ice beasts
  2 black bears
  3 sky beasts
  2 wolves (D:8)
  4 centaurs
  The ghost of zeratav the Sneak, an amateur KoGl (D:3)
  3 kobold brigands
  3 gnoll sergeants
  A bullfrog (D:6)
  2 necrophages
  A scorpion (D:5)
  11 wights
  2 electric eels (D:8)
  5 orc priests
  6 hounds
  A jelly (D:4)
  5 iguanas
  Ijyb (D:5)
  5 orc wizards
  A statue (D:8)
  Robin (D:2)
  9 adders
  14 gnolls
  2 white imps
  3 worms
  A dart slug (D:1)
  22 orcs
  4 ball pythons
  10 endoplasms
  A giant cockroach (D:2)
  23 goblins
  13 hobgoblins
  3 jackals (D:2)
  33 kobolds
  3 quokkas
  8 bats
  4 frilled lizards
  6 rats
237 creatures vanquished.

Table legend:
 A = Non-vault XP
 B = Vault XP
 C = Vault XP percentage of total XP
 D = Non-vault monster count
 E = Vault monster count
 F = Vault count percentage of total count
                 A         B        C        D         E       F
            +---------+---------+-------+---------+---------+-------
      Total |    8406 |    3325 |  28.3 |     174 |      63 |  26.6
            +---------+---------+-------+---------+---------+-------
        D:1 |      51 |       9 |  15.0 |      30 |       6 |  16.7
        D:2 |      29 |      35 |  54.7 |      14 |      11 |  44.0
        D:3 |      51 |     106 |  67.5 |      14 |       4 |  22.2
        D:4 |     258 |       0 |   0.0 |      20 |       0 |   0.0
        D:5 |     511 |     366 |  41.7 |      13 |       4 |  23.5
        D:6 |    2417 |       0 |   0.0 |      21 |       0 |   0.0
        D:7 |    1609 |     560 |  25.8 |      27 |       2 |   6.9
        D:8 |     533 |     838 |  61.1 |      11 |       9 |  45.0
        D:9 |    2947 |     483 |  14.1 |      24 |       6 |  20.0
     Bailey |       0 |     928 | 100.0 |       0 |      21 | 100.0
            +---------+---------+-------+---------+---------+-------

Illustrated notes

Table legend:
 A = Kills in this place as a percentage of kills in entire the game.
 B = Kills by you in this place as a percentage of kills by you in the entire game.
 C = Kills by friends in this place as a percentage of kills by friends in the entire game.
 D = Other kills in this place as a percentage of other kills in the entire game.
 E = Experience gained in this place as a percentage of experience gained in the entire game.
 F = Experience gained in this place divided by the number of levels of this place that you have seen.
                   A       B       C       D       E      F
               +-------+-------+-------+-------+-------+----------------------
         Total | 100.0 | 100.0 |   N/A |   N/A | 100.0 | 977.6
       Dungeon |  91.1 |  91.1 |   N/A |   N/A |  92.1 | 1080.3
        Bailey |   8.9 |   8.9 |   N/A |   N/A |   7.9 | 928.0
               +-------+-------+-------+-------+-------+----------------------

Table legend: (Time is in decaauts)
 A = Elapsed time spent in this place.
 B = Non-inter-level travel time spent in this place.
 C = Inter-level travel time spent in this place.
 D = Time resting spent in this place.
 E = Time spent auto-exploring this place.
 F = Levels seen in this place.
 G = Mean time per level.
                   A        B        C        D        E       F      G
               +--------+--------+--------+--------+--------+-----+--------+
         Total |   5299 |   5089 |    210 |    546 |   3012 |  12 |  441.6 |
       Dungeon |   5074 |   4876 |    198 |    546 |   2913 |  10 |  507.4 |
        Temple |     12 |      1 |     11 |      0 |      0 |   1 |   12.0 |
        Bailey |    212 |    212 |      0 |      0 |     99 |   1 |  212.0 |
               +--------+--------+--------+--------+--------+-----+--------+

Top non-repeatable levels by time:
     D:4: 881 daAuts
     D:9: 754 daAuts
     D:6: 598 daAuts
     D:1: 576 daAuts
     D:7: 545 daAuts
     D:8: 489 daAuts
     D:5: 478 daAuts
     D:3: 446 daAuts
     D:2: 293 daAuts
  Bailey: 212 daAuts
  Temple: 12 daAuts
    D:10: 9 daAuts
